[Event "Titled Tuesday Blitz October 31 Late 2023"]
[White "Krallis, Christos"]
[Black "Elsa167"]
[WhiteFideId "4298896"]
[WhiteElo "2749"]
[BlackElo "2955"]
[Result "0-1"]
[Round "8"]
[TimeControl "180+1"]
[Date "2023.10.31"]
[WhiteClock "0:00:00"]
[BlackClock "0:00:08"]
[Board "13"]

1. Nf3 Nf6 2. g3 g6 3. Bg2 Bg7 4. O-O O-O 5. b3 d6 6. Bb2 e5 7. d3 Nc6 8. c4 Re8 9. Nbd2 a5 10. a3 h6 11. Ne1 Be6 12. Nc2 Qd7 13. b4 Bh3 14. b5 Bxg2 15. Kxg2 Ne7 16. e4 c5 17. Ne3 Nh7 18. h4 f5 19. h5 g5 20. exf5 Nxf5 21. Nxf5 Qxf5 22. Ne4 Rad8 23. Qf3 Qxf3+ 24. Kxf3 b6 25. Rae1 d5 26. cxd5 Rxd5 27. Ke2 Red8 28. Rd1 Nf8 29. Nc3 R5d7 30. Na4 Rd6 31. Nc3 Ne6 32. Ne4 R6d7 33. Nd2 e4 34. Bxg7 exd3+ 35. Ke3 Kxg7 36. Nc4 Re7 37. f4 Nxf4+ 38. Kd2 Re2+ 39. Kc3 Nd5+ 40. Kb3 a4+ 41. Kxa4 Rc2 42. Ne5 c4 43. Nxc4 Rxc4+ 44. Kb3 Rc3+ 45. Kb2 Rc2+ 46. Kb3 Ne3 47. Rde1 Nxf1 48. Re7+ Kg8 0-1


[Site "https://www.chess.com"]

[Event "Titled Tuesday Blitz October 31 Late 2023"]
[White "Schnaider, Ilan"]
[Black "Khismatullin, Denis"]
[WhiteFideId "169013"]
[BlackFideId "4142578"]
[WhiteElo "2742"]
[BlackElo "2938"]
[Result "1/2-1/2"]
[Round "8"]
[TimeControl "180+1"]
[Date "2023.10.31"]
[WhiteClock "0:00:07"]
[BlackClock "0:00:09"]
[Board "14"]

1. e4 c5 2. Nf3 e6 3. d4 cxd4 4. Nxd4 a6 5. c4 Nf6 6. Nc3 Qc7 7. Qd3 Nc6 8. a3 Nxd4 9. Qxd4 Bc5 10. Qd3 Ng4 11. Nd1 b5 12. Be2 bxc4 13. Qxc4 Ne5 14. Qc3 O-O 15. Bf4 Bd6 16. Bg3 f6 17. O-O Bb7 18. Qe3 Bc5 19. Rc1 Rac8 20. Qf4 Qb6 21. Qd2 Bd4 22. Nc3 Ng6 23. Na4 Qa7 24. Bd3 e5 25. h3 Kh8 26. Qb4 d5 27. exd5 Bxd5 28. Qd6 Bb3 29. Nc3 Rcd8 30. Qxa6 Qd7 31. Bb5 Qf5 32. Bd3 Qh5 33. Be2 Qh6 34. Qb5 Be6 35. Ne4 Bf5 36. Bf3 Nh4 37. Bxh4 Qxh4 38. Qe2 Bg6 39. Kh2 f5 40. Ng3 e4 41. Bh5 Be5 42. Bxg6 hxg6 43. Kg1 Bxg3 44. fxg3 Qxg3 45. Rc3 Qe5 46. Qf2 g5 47. Rc5 Qd4 48. Qxd4 Rxd4 49. Rcxf5 Rxf5 50. Rxf5 Rd1+ 51. Kh2 Rd2 52. Rxg5 Rxb2 53. Re5 Ra2 54. Rxe4 Rxa3 55. h4 Kh7 56. g3 Rb3 57. Kh3 Rb6 58. Kg4 Rc6 59. Ra4 g6 60. Ra5 Kh6 61. Ra4 Rc5 62. Ra8 Rb5 63. Rh8+ Kg7 64. Rc8 Rb4+ 65. Kh3 Rb3 66. Rc6 Ra3 67. Rc4 Rb3 68. Kg4 Kh6 69. Ra4 Rc3 70. Kf4 Rc5 71. g4 Rc1 72. Kg3 Rc3+ 73. Kf2 Rc1 74. Ra8 Rc2+ 75. Ke3 Rh2 76. Kf4 Rc2 77. Rh8+ Kg7 78. Rd8 Rc4+ 79. Kg5 Rc5+ 80. Kf4 Rc4+ 81. Kf3 Rc3+ 82. Ke4 Rh3 83. Rd7+ Kg8 84. Rd6 Rxh4 85. Kf4 Rh7 86. Rxg6+ Kh8 87. Ra6 Rb7 88. Kg5 Kg7 89. Rc6 Kh7 90. Kh5 Kg7 91. Rg6+ Kh7 92. Ra6 Kg7 93. g5 Kh7 94. Rh6+ Kg7 95. Rc6 Kh7 96. Rf6 Kg7 97. Rf5 Rc7 98. g6 Rc1 99. Rf7+ Kg8 100. Ra7 Rh1+ 101. Kg5 Rg1+ 102. Kf5 Rf1+ 103. Ke5 Re1+ 104. Kf6 Rf1+ 105. Kg5 Rg1+ 106. Kh6 Rh1+ 107. Kg5 Rg1+ 1/2-1/2


[Site "https://www.chess.com"]

[Event "Titled Tuesday Blitz October 31 Late 2023"]
[White "Chigaev, Maksim"]
[Black "Erenberg, Ariel"]
[WhiteFideId "4108116"]
[BlackFideId "2811634"]
[WhiteElo "2937"]
[BlackElo "2725"]
[Result "1-0"]
[Round "8"]
[TimeControl "180+1"]
[Date "2023.10.31"]
[WhiteClock "0:00:09"]
[BlackClock "0:00:13"]
[Board "15"]

1. e4 c5 2. Ne2 Nc6 3. Nbc3 e5 4. Ng3 Be7 5. Nf5 Bf8 6. Bc4 g6 7. Ne3 Bg7 8. a4 Nge7 9. d3 O-O 10. h4 h6 11. Ng4 Kh7 12. Ne3 f5 13. h5 g5 14. exf5 Nxf5 15. Nxf5 Rxf5 16. Bd5 Kh8 17. Be4 Rf8 18. Nd5 d6 19. c3 Be6 20. Be3 Ne7 21. Qb3 Nf5 22. Qxb7 Rb8 23. Qc7 Rxb2 24. Qxd8 Rxd8 25. O-O Bxd5 26. Bxd5 Nxe3 27. fxe3 e4 28. Bxe4 Bxc3 29. Rf7 a5 30. Raf1 Bg7 31. Bd5 Re2 32. e4 Bd4+ 33. Kh2 Be5+ 34. Kh3 Re3+ 35. R1f3 Rxf3+ 36. gxf3 Rb8 37. Kg4 Bg7 38. Ra7 Rf8 39. Bf7 Be5 40. Kf5 Kg7 41. Ke6 Kh8 42. Rxa5 Kg7 43. Ra7 Rb8 44. Bg6+ Kg8 45. a5 Rf8 46. Bf7+ Kg7 47. a6 Bd4 48. Rb7 Ra8 49. Be8+ Kf8 50. Bb5 c4 51. Bxc4 Bc5 52. Kf6 Ke8 53. Kg6 Kd8 54. Kxh6 Kc8 55. Kxg5 Kd8 56. h6 Bd4 57. h7 Kc8 58. Kf5 Be5 59. Be6+ Kd8 60. f4 Bd4 61. a7 Rxa7 62. Rxa7 Bxa7 63. h8=Q+ Kc7 64. Qg7+ Kb6 65. Bd5 Kc5 66. Qxa7+ Kb4 67. Qb6+ Kc3 68. Qxd6 Kxd3 69. e5 Ke3 70. e6 Kf2 71. e7 Ke1 72. e8=Q+ Kf2 73. Qc5+ Kg3 74. Qg6+ Kh4 75. Qf2+ Kh3 76. Bg2+ Kh2 77. Qgg3# 1-0


[Site "https://www.chess.com"]

[Event "Titled Tuesday Blitz October 31 Late 2023"]
[White "Hamitevici, Vladimir"]
[Black "Cordova, Emilio"]
[WhiteFideId "13902393"]
[BlackFideId "3801497"]
[WhiteElo "2723"]
[BlackElo "2918"]
[Result "0-1"]
[Round "8"]
[TimeControl "180+1"]
[Date "2023.10.31"]
[WhiteClock "0:00:00"]
[BlackClock "0:00:30"]
[Board "16"]

1. a3 a6 2. g3 h6 3. Bg2 e6 4. d3 c5 5. c4 Nc6 6. Nc3 Nf6 7. e4 Be7 8. Nge2 Rb8 9. O-O d6 10. h3 b5 11. Qc2 O-O 12. Be3 bxc4 13. dxc4 e5 14. Nd5 Nxd5 15. cxd5 Na5 16. b4 cxb4 17. axb4 Rxb4 18. Bd2 Rb5 19. Nc3 Rc5 20. Be3 Rc4 21. Rfc1 Bg5 22. f4 Bf6 23. Qd3 exf4 24. gxf4 Qc7 25. e5 dxe5 26. Rxa5 e4 27. Bxe4 Rxc3 28. Rxc3 Bxc3 29. Rc5 Qd7 30. Rxc3 Qxh3 31. Bg2 Qg4 32. d6 Bf5 33. Qd5 Re8 34. Qf3 Qg6 35. Qf2 Qxd6 36. Rc6 Qd1+ 37. Kh2 a5 38. Ra6 a4 39. Ra8 Rxa8 40. Bxa8 a3 41. Bf3 Qb3 42. Bd4 f6 43. Ba1 Be6 44. Kg2 a2 45. Qe2 Bd5 46. Bxd5+ Qxd5+ 47. Kg3 Kh7 48. Qc2+ Kg8 49. Qc8+ Kf7 50. Qc2 h5 51. Qc7+ Kg6 52. Qc2+ Kh6 53. Qe2 Qf5 54. Qe3 Qb1 55. Qd4 Qe1+ 56. Kf3 Qf1+ 57. Kg3 Qe2 58. f5 Kh7 59. Kh3 Qf3+ 60. Kh4 Qxf5 0-1


[Site "https://www.chess.com"]

[Event "Titled Tuesday Blitz October 31 Late 2023"]
[White "Bauman_Guy"]
[Black "BardArtem"]
[WhiteElo "2909"]
[BlackElo "2719"]
[Result "1-0"]
[Round "8"]
[TimeControl "180+1"]
[Date "2023.10.31"]
[WhiteClock "0:02:33"]
[BlackClock "0:02:05"]
[Board "17"]

1. e4 e5 2. Nf3 Nc6 3. Bb5 Nf6 4. O-O Nxe4 5. Re1 Nd6 6. a4 Be7 7. Nc3 O-O 8. d4 e4 9. Nxe4 Nxe4 10. Rxe4 a6 11. Bd3 d5 12. Re1 Bg4 13. c3 Bd6 14. a5 Qf6 15. Bg5 Bxf3 16. Qd2 Bf4 17. Qxf4 Qxf4 18. Bxf4 Be4 19. Bxe4 dxe4 20. Rxe4 Rfe8 21. Rxe8+ Rxe8 22. Bxc7 Re2 23. d5 1-0


[Site "https://www.chess.com"]

[Event "Titled Tuesday Blitz October 31 Late 2023"]
[White "Annaberdiyev, Meylis"]
[Black "Zhigalko, Sergei"]
[WhiteFideId "14000563"]
[BlackFideId "13502956"]
[WhiteElo "2707"]
[BlackElo "2909"]
[Result "0-1"]
[Round "8"]
[TimeControl "180+1"]
[Date "2023.10.31"]
[WhiteClock "0:00:00"]
[BlackClock "0:00:02"]
[Board "18"]

1. d4 Nf6 2. Bg5 d5 3. Nd2 Nbd7 4. Ngf3 b6 5. e3 Bb7 6. c3 e6 7. Bd3 Be7 8. O-O O-O 9. Ne5 Nxe5 10. dxe5 Nd7 11. Bf4 f5 12. exf6 Nxf6 13. Nf3 Bd6 14. Qc2 Qe7 15. Be5 Ne4 16. Bg3 Kh8 17. Rad1 Rad8 18. a4 Nxg3 19. hxg3 g6 20. e4 Qg7 21. Rfe1 Rde8 22. a5 bxa5 23. Qa4 Bc5 24. exd5 Bxd5 25. Be4 c6 26. Qxa5 Bb6 27. Qa4 Qc7 28. Kf1 Qg7 29. Rd2 Qh6 30. Kg1 Rxf3 31. Rxd5 exd5 32. gxf3 dxe4 33. Qxc6 Rf8 34. Rxe4 Qd2 0-1


[Site "https://www.chess.com"]

[Event "Titled Tuesday Blitz October 31 Late 2023"]
[White "Leiva, Gianmarco"]
[Black "Kovalev, Vladislav"]
[WhiteFideId "3804399"]
[BlackFideId "13504398"]
[WhiteElo "2697"]
[BlackElo "2901"]
[Result "0-1"]
[Round "8"]
[TimeControl "180+1"]
[Date "2023.10.31"]
[WhiteClock "0:00:01"]
[BlackClock "0:00:30"]
[Board "19"]

1. e4 e5 2. Nf3 Nc6 3. Bc4 Nf6 4. d3 Bc5 5. O-O d6 6. c3 a6 7. Nbd2 h6 8. Re1 Ba7 9. Nf1 Na5 10. Bb3 Nxb3 11. axb3 O-O 12. b4 Re8 13. Be3 Bb8 14. b5 b6 15. c4 Bb7 16. bxa6 Rxa6 17. b4 Rxa1 18. Qxa1 c6 19. Ng3 d5 20. Rb1 d4 21. Bd2 Bc8 22. Qa8 Qc7 23. Nh4 Kh7 24. Nhf5 Ng8 25. b5 c5 26. Qa3 g6 27. Nh4 Qd8 28. Nf3 Nf6 29. Qc1 Ng8 30. h3 Bd6 31. Ra1 Bb7 32. Nh2 Qc7 33. Ng4 h5 34. Nh2 Ra8 35. Nf3 Rxa1 36. Qxa1 f6 37. Qa7 Ne7 38. Ne2 Nc8 39. Qa1 Bf8 40. Bc1 Nd6 41. Qa2 Qb8 42. Ng3 Qa8 43. Qxa8 Bxa8 44. Ne1 Bg7 45. Kf1 h4 46. Ne2 f5 47. f3 Bf6 48. Nc2 Bb7 49. Na3 Bc8 50. Nb1 Be6 51. Nd2 Bg5 52. Ke1 Be3 53. Nb3 f4 54. Nd2 Bxd2+ 55. Kxd2 Nxc4+ 56. dxc4 Bxc4 57. Ba3 Bxb5 58. Nc1 Kg7 59. Nd3 Kf6 60. Nf2 Bf1 61. Ng4+ Ke6 62. Ke1 Bxg2 63. Kf2 Bxh3 64. Nh6 Kf6 65. Ng8+ Kf7 66. Nh6+ Kg7 67. Ng4 Bxg4 68. fxg4 Kf6 69. Kf3 h3 70. Bc1 Kg5 71. Bd2 h2 0-1


[Site "https://www.chess.com"]

[Event "Titled Tuesday Blitz October 31 Late 2023"]
[White "Piesik, Piotr"]
[Black "Kazakouski, Valery"]
[WhiteFideId "1136194"]
[BlackFideId "13507443"]
[WhiteElo "2683"]
[BlackElo "2888"]
[Result "0-1"]
[Round "8"]
[TimeControl "180+1"]
[Date "2023.10.31"]
[WhiteClock "0:01:23"]
[BlackClock "0:01:07"]
[Board "20"]

1. Nf3 d5 2. g3 Nd7 3. Bg2 e5 4. d3 Ngf6 5. O-O Bc5 6. c3 O-O 7. Qc2 h6 8. e4 dxe4 9. dxe4 a5 10. Nbd2 b6 11. Nb3 Bd6 12. Be3 Ng4 13. Rfe1 Nxe3 14. Rxe3 a4 15. Nbd2 Bc5 16. Ree1 Qe7 17. b4 axb3 18. axb3 Rxa1 19. Rxa1 b5 20. b4 Bb6 21. Bf1 c6 22. Nh4 Nf6 23. Nf5 Qc7 24. Be2 g6 25. Nh4 Rd8 26. Nb3 Ng4 27. Bxg4 Bxg4 28. Kg2 Qd7 29. Nf3 Bxf3+ 30. Kxf3 Qd3+ 31. Qxd3 Rxd3+ 32. Ke2 Rxc3 33. Nd2 Rc2 34. Ra6 Bxf2 35. Kd3 Rb2 36. Rxc6 Rxb4 37. Nf3 Bd4 38. Nxd4 Rxd4+ 39. Ke3 Rc4 40. Rb6 Rc3+ 41. Kd2 Rb3 42. Kc2 Rb4 43. Kd3 Rb2 44. Kc3 Rxh2 45. Rxb5 Rg2 46. Rxe5 Rxg3+ 0-1


[Site "https://www.chess.com"]

[Event "Titled Tuesday Blitz October 31 Late 2023"]
[White "Gokerkan, Cem Kaan"]
[Black "Luczak, Filip"]
[WhiteFideId "6336760"]
[BlackFideId "1193686"]
[WhiteElo "2863"]
[BlackElo "2670"]
[Result "1-0"]
[Round "8"]
[TimeControl "180+1"]
[Date "2023.10.31"]
[WhiteClock "0:00:14"]
[BlackClock "0:00:06"]
[Board "21"]

1. e4 g6 2. d4 Bg7 3. Nc3 c5 4. dxc5 Bxc3+ 5. bxc3 Nf6 6. e5 Ne4 7. Qd4 Qa5 8. Bd3 Nc6 9. Qxe4 Qxc3+ 10. Ke2 Qxa1 11. Nf3 b6 12. Rd1 Qxa2 13. cxb6 axb6 14. Bh6 Ba6 15. Ke1 Bxd3 16. Qxd3 Qa5+ 17. Kf1 Qa6 18. c4 O-O-O 19. Kg1 d6 20. Qd5 Qb7 21. Qxf7 Nxe5 22. Nxe5 dxe5 23. Re1 Qc7 24. h3 Rd7 25. Rb1 Rhd8 26. Rb5 Rd6 27. Be3 Rf6 28. Qxh7 Qxc4 29. Rb1 Qf7 30. Qh4 Kb7 31. Qa4 Qd5 32. Ra1 Kc7 33. Qa7+ Qb7 34. Rc1+ Rc6 35. Bxb6+ Kc8 36. Rxc6+ Qxc6 37. Bxd8 Kxd8 38. Qb8+ Kd7 39. Qxe5 Qc1+ 40. Kh2 Qh6 41. f4 Ke8 42. Kg3 Kf7 43. Qd5+ Kf8 44. Qd8+ Kf7 45. Qd5+ Kf8 46. Qe6 Qg7 47. Qc8+ Kf7 48. Qc4+ Kf8 49. Qd3 Qf6 50. Qd8+ Kf7 51. Qd5+ Kf8 52. Qe5 Qc6 53. Qh8+ Kf7 54. Qh7+ Kf8 55. Qh8+ Kf7 56. Qe5 Qa6 57. Kh2 Qd3 58. Qg5 Qe4 59. Qg4 Kg7 60. Kg3 Kf7 61. Qf3 Qf5 62. Qb3+ Kg7 63. Qe3 Kf7 64. Qe5 Qd3+ 65. Kh2 Qd7 66. Qg5 Kg7 67. Qg4 Qd6 68. Kg3 Kf7 69. Qf3 Qb6 70. Qe4 Kg7 71. Qxe7+ Kh6 72. Qh4+ Kg7 73. Qe7+ Kh6 74. Qe5 Qb3+ 75. Kh2 Qg8 76. Qg5+ Kh7 77. f5 Qb8+ 78. Qg3 Qxg3+ 79. Kxg3 gxf5 80. Kf4 Kg6 81. h4 Kf6 82. h5 Ke6 83. h6 Kf6 84. h7 Kg7 85. Kxf5 Kxh7 86. Kf6 Kh8 87. g4 Kh7 88. g5 Kh8 89. Kf7 Kh7 90. g6+ Kh6 91. g7 1-0


[Site "https://www.chess.com"]

[Event "Titled Tuesday Blitz October 31 Late 2023"]
[White "Haydon, David L"]
[Black "Alexandre, Anne Shopie Elizabeth"]
[WhiteFideId "415405"]
[BlackFideId "11902418"]
[WhiteElo "2637"]
[BlackElo "2844"]
[Result "0-1"]
[Round "8"]
[TimeControl "180+1"]
[Date "2023.10.31"]
[WhiteClock "0:00:00"]
[BlackClock "0:00:21"]
[Board "22"]

1. d4 Nf6 2. c4 e6 3. Nf3 d5 4. g3 Bb4+ 5. Bd2 a5 6. Qc2 c6 7. Bg2 O-O 8. O-O Nbd7 9. Rd1 Be7 10. b3 b6 11. Nc3 Ba6 12. Na4 Rc8 13. Bf4 b5 14. Nb2 bxc4 15. bxc4 c5 16. dxc5 Rxc5 17. Be3 Rc8 18. Nd2 Ne5 19. Rac1 Neg4 20. Bf4 e5 21. Bg5 Qb6 22. e3 Nxf2 23. Na4 Qa7 24. Bxf6 Nxd1 25. Rxd1 Bxf6 26. Bxd5 Qxe3+ 27. Kg2 Qe2+ 28. Kg1 Rfd8 29. Nc3 Qe3+ 30. Kg2 e4 31. Ndxe4 Bxc3 32. Nxc3 g6 33. Rf1 Rc7 34. Rf3 Qe5 35. Qf2 Bxc4 0-1


[Site "https://www.chess.com"]

[Event "Titled Tuesday Blitz October 31 Late 2023"]
[White "Kamsky, Gata"]
[Black "Karamsetty, Jeevan"]
[WhiteFideId "2000024"]
[BlackFideId "2025337"]
[WhiteElo "2831"]
[BlackElo "2619"]
[Result "1/2-1/2"]
[Round "8"]
[TimeControl "180+1"]
[Date "2023.10.31"]
[WhiteClock "0:00:32"]
[BlackClock "0:00:07"]
[Board "23"]

1. d4 g6 2. e4 d6 3. c3 Bg7 4. Nf3 Nf6 5. Bd3 O-O 6. O-O Nc6 7. Bg5 e5 8. dxe5 Nxe5 9. Nxe5 dxe5 10. Qc2 h6 11. Bh4 g5 12. Bg3 Nh5 13. Rd1 Qe7 14. Nd2 Bg4 15. f3 Be6 16. Bf2 Rad8 17. Bf1 b6 18. Nc4 Nf4 19. Ne3 h5 20. Nf5 Qf6 21. g3 Ng6 22. Be3 Ne7 23. Nxg7 Kxg7 24. Be2 Qg6 25. Rxd8 Rxd8 26. Rd1 Rxd1+ 27. Qxd1 Nc6 28. b3 g4 29. Qd2 h4 30. Bf2 hxg3 31. Bxg3 gxf3 32. Bxf3 Qh6 33. Qxh6+ Kxh6 34. Bh4 Kg6 35. Kf2 f6 36. Ke3 a5 37. Bd1 a4 38. Be1 axb3 39. axb3 Na5 40. c4 Nc6 41. h4 Nd4 42. Bd2 f5 43. exf5+ Bxf5 44. b4 c5 45. bxc5 bxc5 46. Ba5 Be6 47. Bb6 Bxc4 48. Bxc5 Nf5+ 49. Ke4 Nxh4 50. Bc2 Kf6 51. Bb6 Ng6 52. Bd8+ Ke6 53. Ke3 Nf4 54. Bg5 Bd5 55. Bxf4 exf4+ 56. Kxf4 1/2-1/2


[Site "https://www.chess.com"]

[Event "Titled Tuesday Blitz October 31 Late 2023"]
[White "Bartel, Michal"]
[Black "Kobo, Ori"]
[WhiteFideId "1119257"]
[BlackFideId "2812320"]
[WhiteElo "2619"]
[BlackElo "2816"]
[Result "0-1"]
[Round "8"]
[TimeControl "180+1"]
[Date "2023.10.31"]
[WhiteClock "0:00:17"]
[BlackClock "0:00:09"]
[Board "24"]

1. e4 c5 2. Ne2 Nc6 3. g3 d5 4. Bg2 dxe4 5. Bxe4 Nf6 6. Bg2 Bg4 7. h3 Bh5 8. Nbc3 Qc7 9. d3 e6 10. g4 Bg6 11. f4 h5 12. Ng3 hxg4 13. hxg4 Rxh1+ 14. Bxh1 O-O-O 15. Be3 Nd4 16. Nge4 Nxe4 17. Nxe4 f5 18. Ng5 fxg4 19. Bxd4 cxd4 20. Qxg4 Bf5 21. Qf3 Bd6 22. Nh3 Rh8 23. Bg2 Bxh3 24. Bxh3 Bxf4 25. Kf1 Kb8 26. Re1 e5 27. Re2 Rf8 28. Rf2 Rf6 29. Qd5 a6 30. Bg2 Ka7 31. b4 Qb6 32. a3 Rd6 33. Qe4 Rc6 34. Bf3 Rc3 35. Rg2 g5 36. Rg1 Rxc2 37. Rh1 Rc1+ 38. Kg2 Rxh1 39. Kxh1 Qc7 40. Kg2 Kb8 41. Qd5 Qc2+ 42. Kh3 Qh2+ 43. Kg4 Qh4+ 44. Kf5 Qh7+ 45. Kg4 Qc7 46. Be4 Qc8+ 47. Bf5 Qc6 48. Qg8+ Ka7 49. Be4 Qd7+ 50. Bf5 Qc6 51. Be4 Qc7 52. Qd5 Qc8+ 53. Kh5 Qh8+ 54. Kg4 Qh4+ 55. Kf5 Qh7+ 56. Kf6 Qh6+ 57. Kf5 Qb6 58. Kg4 Kb8 59. Qg8+ Ka7 60. Qd5 Qc7 61. a4 Qb6 62. b5 axb5 63. axb5 Qc7 64. Qa2+ Kb8 65. Qd5 Qc8+ 66. Bf5 Qc7 67. Qe6 Ka7 68. Qa2+ Kb6 69. Qd5 Qc5 70. Qd8+ Kxb5 71. Bd7+ Kb4 72. Qa8 e4 73. Qa4+ Kc3 74. dxe4 d3 75. Be6 Qg1+ 76. Kf5 d2 77. Qc4+ Kb2 78. Qb3+ Kc1 79. Qc3+ Kd1 80. Bb3+ Ke2 81. Bc4+ Kf2 82. Qd4+ Be3 83. Qd6 d1=Q 84. Qf6 Qf3+ 85. Ke6 Qxf6+ 86. Kxf6 g4 87. e5 Bd4 88. Bd5 Bxe5+ 89. Kf7 g3 90. Bf3 Kxf3 91. Kg8 g2 92. Kh7 Qf2 93. Kg8 g1=Q+ 94. Kh7 Qfh2# 0-1


[Site "https://www.chess.com"]

[Event "Titled Tuesday Blitz October 31 Late 2023"]
[White "Troff, Kayden"]
[Black "Iskusnyh, Sergei"]
[WhiteFideId "2047896"]
[BlackFideId "4120027"]
[WhiteElo "2787"]
[BlackElo "2551"]
[Result "1-0"]
[Round "8"]
[TimeControl "180+1"]
[Date "2023.10.31"]
[WhiteClock "0:00:13"]
[BlackClock "0:00:00"]
[Board "25"]

1. d4 d5 2. Nf3 Nf6 3. Bf4 c5 4. e3 Nc6 5. Nc3 Bg4 6. dxc5 e6 7. Nb5 Rc8 8. Bd6 Ne4 9. Bxf8 Kxf8 10. c3 Nxc5 11. h3 Bh5 12. Be2 Qb6 13. Rb1 Bg6 14. Rc1 a6 15. b4 axb5 16. bxc5 Qxc5 17. O-O Ke7 18. Nh4 Rhd8 19. Nxg6+ hxg6 20. Rb1 Na7 21. Rb3 Rd6 22. Qd2 Ra6 23. Rfb1 Ra3 24. Kh2 Rxb3 25. Rxb3 Rc6 26. Qb2 Rc7 27. g3 Qc6 28. Qa3+ Qc5 29. Qb2 Qc6 30. h4 Qc5 31. Qd2 Nc8 32. Bxb5 Nd6 33. Bd3 Kf8 34. Qb2 Ke7 35. Qb1 Rc6 36. a4 Rc7 37. Qb2 Rc6 38. Qe2 Rc7 39. Qg4 Qc6 40. h5 gxh5 41. Qxg7 Rc8 42. Qg5+ Kd7 43. Bb5 Nxb5 44. Rxb5 Kc7 45. Qf4+ Kd7 46. Qxf7+ Kd6 47. Rxb7 h4 48. Qe7+ Ke5 49. Qg7+ Ke4 50. Qd4+ Kf3 51. Qd1+ Ke4 52. Rf7 Qxc3 53. gxh4 Qe5+ 54. Rf4+ Qxf4+ 55. exf4 Rc3 56. Qe2+ Kxf4 57. Qd2+ 1-0


[Site "https://www.chess.com"]

[Event "Titled Tuesday Blitz October 31 Late 2023"]
[White "Korpics, Zsolt"]
[Black "Krzyzanowski, Marcin"]
[WhiteFideId "705241"]
[BlackFideId "1132199"]
[WhiteElo "2432"]
[BlackElo "2776"]
[Result "1-0"]
[Round "8"]
[TimeControl "180+1"]
[Date "2023.10.31"]
[WhiteClock "0:00:22"]
[BlackClock "0:00:02"]
[Board "26"]

1. e4 c5 2. Nf3 d6 3. Nc3 Nf6 4. e5 dxe5 5. Nxe5 a6 6. g3 Qd6 7. Nf3 Nc6 8. Bg2 e5 9. d3 h6 10. O-O Be7 11. Ne4 Nxe4 12. dxe4 O-O 13. Qxd6 Bxd6 14. Rd1 Be7 15. c3 Be6 16. Be3 b5 17. Nd2 c4 18. h4 Rfd8 19. Kh2 Rd7 20. Nf1 Rad8 21. Rxd7 Rxd7 22. Bh3 Bxh3 23. Kxh3 a5 24. Kg2 Rd3 25. Kf3 b4 26. Rc1 bxc3 27. Rxc3 Nd4+ 28. Kg2 Rxc3 29. bxc3 Nb5 30. Nd2 Nxc3 31. Nxc4 a4 32. Nb6 a3 33. Nd5 Nxd5 34. exd5 f5 35. Kf1 g5 36. hxg5 hxg5 37. Ke2 Kf7 38. Kd3 e4+ 39. Kc4 Bf6 40. Kc5 Bb2 41. Kc6 Be5 42. Bxg5 Bd4 43. Be3 Be5 44. d6 Ke6 45. d7 Bf6 46. Bb6 f4 47. gxf4 Kf5 48. d8=Q Bxd8 49. Bxd8 Kxf4 50. Bb6 Kf3 51. Kb5 Ke2 52. Ka4 Kd3 53. Kxa3 Kc4 54. Be3 Kb5 55. Kb2 Kc4 56. Kc2 Kb4 57. a3+ Kxa3 58. Kc3 Ka4 59. Kd4 1-0


[Site "https://www.chess.com"]

[Event "Titled Tuesday Blitz October 31 Late 2023"]
[White "Rustemov, Alexander"]
[Black "Kornyukov, Alexey"]
[WhiteFideId "4119002"]
[BlackFideId "4150457"]
[WhiteElo "2855"]
[BlackElo "2350"]
[Result "1-0"]
[Round "8"]
[TimeControl "180+1"]
[Date "2023.10.31"]
[WhiteClock "0:00:32"]
[BlackClock "0:00:00"]
[Board "27"]

1. d4 d5 2. c4 e6 3. Nc3 c6 4. e3 Nf6 5. Nf3 Nbd7 6. Qc2 Bd6 7. Bd2 O-O 8. O-O-O b6 9. e4 dxe4 10. Nxe4 Be7 11. Bd3 Qc7 12. Rhe1 Bb7 13. Bc3 Rad8 14. Kb1 Rfe8 15. Neg5 h6 16. Nxf7 Kxf7 17. Bg6+ Kg8 18. Bxe8 Rxe8 19. Rxe6 Nf8 20. Re3 Rd8 21. Rde1 Bd6 22. Nh4 Bc8 23. Nf5 Ng4 24. Re8 Qd7 25. Rxd8 Qxd8 26. h3 Nf6 27. a3 Be6 28. Nxd6 Qxd6 29. Bb4 c5 30. dxc5 bxc5 31. Bd2 Qd7 32. Ka1 Bf5 33. Qc1 Ne6 34. Be3 Nd4 35. Bxd4 Qxd4 36. f3 1-0


[Site "https://www.chess.com"]

[Event "Titled Tuesday Blitz October 31 Late 2023"]
[White "Javakhadze, Zurab"]
[Black "Fiorito, Francisco"]
[WhiteFideId "13603647"]
[BlackFideId "180165"]
[WhiteElo "2780"]
[BlackElo "2616"]
[Result "1-0"]
[Round "8"]
[TimeControl "180+1"]
[Date "2023.10.31"]
[WhiteClock "0:00:13"]
[BlackClock "0:00:03"]
[Board "28"]

1. d4 Nf6 2. c4 b6 3. Nc3 Bb7 4. a3 d5 5. cxd5 Nxd5 6. f3 Nxc3 7. bxc3 e6 8. e4 Be7 9. Be3 O-O 10. Bd3 c5 11. Ne2 cxd4 12. cxd4 Nc6 13. O-O Na5 14. f4 f5 15. Ng3 fxe4 16. Bxe4 Bxe4 17. Nxe4 Nc4 18. Qd3 Rc8 19. a4 Qd5 20. Nc3 Qf5 21. Qe2 Bf6 22. Bf2 Kh8 23. g3 Rfd8 24. Rad1 Nd6 25. Nb5 Nxb5 26. axb5 Rc2 27. Qd3 Qxd3 28. Rxd3 Rb2 29. Ra1 Rxb5 30. Rxa7 h5 31. Rb7 Rb1+ 32. Kg2 Rb2 33. Kf3 b5 34. h3 g5 35. Rf7 Bg7 36. fxg5 Kg8 37. g6 b4 38. Be3 b3 39. Rb7 Rf8+ 40. Bf4 Bxd4 41. Rxd4 e5 42. Rdd7 Rf6 43. Rd8+ Rf8 44. Rxf8+ Kxf8 45. Bh6+ Kg8 46. Rb8# 1-0


[Site "https://www.chess.com"]

[Event "Titled Tuesday Blitz October 31 Late 2023"]
[White "Yelisieiev, Yevhenii"]
[Black "Koellner, Ruben Gideon"]
[WhiteFideId "14139642"]
[BlackFideId "12993093"]
[WhiteElo "2624"]
[BlackElo "2735"]
[Result "0-1"]
[Round "8"]
[TimeControl "180+1"]
[Date "2023.10.31"]
[WhiteClock "0:00:04"]
[BlackClock "0:00:12"]
[Board "29"]

1. d4 d6 2. Nf3 Nf6 3. g3 Nbd7 4. Bg2 e5 5. O-O Be7 6. c4 O-O 7. Nc3 Re8 8. e4 Bf8 9. Re1 c6 10. b3 Qc7 11. Bb2 a5 12. Qd2 h6 13. Rad1 exd4 14. Nxd4 Nc5 15. h3 Be6 16. f3 Rad8 17. Qc1 Bc8 18. Kh2 h5 19. Qg5 Re5 20. Nf5 Bxf5 21. exf5 Rxe1 22. Rxe1 Nd3 23. Re2 Nxb2 24. Rxb2 d5 25. cxd5 cxd5 26. Ne2 d4 27. Rd2 d3 28. Ng1 Bb4 29. Rd1 Qc2 30. Rc1 Bd2 31. Rxc2 dxc2 32. f4 c1=Q 33. Nf3 Be3 34. g4 Bxf4+ 0-1


[Site "https://www.chess.com"]

[Event "Titled Tuesday Blitz October 31 Late 2023"]
[White "Gedajlovic, Max"]
[Black "Ibadov, Dashgyn"]
[WhiteFideId "2616840"]
[BlackFideId "24107514"]
[WhiteElo "2733"]
[BlackElo "2604"]
[Result "1/2-1/2"]
[Round "8"]
[TimeControl "180+1"]
[Date "2023.10.31"]
[WhiteClock "0:00:08"]
[BlackClock "0:00:04"]
[Board "30"]

1. e4 e6 2. d4 d5 3. e5 c5 4. c3 Qb6 5. Nf3 Nc6 6. Bd3 cxd4 7. O-O Bd7 8. Re1 Nge7 9. h4 Nf5 10. Bxf5 exf5 11. cxd4 Be7 12. Nc3 Be6 13. Bg5 O-O 14. Bxe7 Nxe7 15. Na4 Qa5 16. b3 b6 17. Rc1 Rac8 18. Qd2 h6 19. Qxa5 bxa5 20. Nc5 f4 21. Nd3 Bg4 22. Nxf4 Bxf3 23. gxf3 Nf5 24. Nxd5 Rxc1 25. Rxc1 Rd8 26. Rc5 Nxh4 27. Ne7+ Kf8 28. Nc6 Rc8 29. Nxa5 Nxf3+ 30. Kg2 Rxc5 31. dxc5 Nxe5 32. b4 Ke7 33. Kg3 g5 34. Nb3 f5 35. Nd4 f4+ 36. Kh3 Nd3 37. a3 Nxf2+ 38. Kg2 Ng4 39. Nc6+ Kd7 40. Nxa7 Ne3+ 41. Kf3 Nc2 42. b5 Nxa3 43. b6 Nc4 44. Ke4 Nxb6 45. cxb6 h5 46. Nb5 Kc6 47. Nd4+ Kxb6 48. Nf3 g4 49. Kxf4 gxf3 50. Kxf3 h4 51. Kg2 h3+ 52. Kxh3 1/2-1/2


[Site "https://www.chess.com"]

[Event "Titled Tuesday Blitz October 31 Late 2023"]
[White "Kozusek, Daniel"]
[Black "Maximov, Dmitry"]
[WhiteFideId "349500"]
[BlackFideId "14105659"]
[WhiteElo "2603"]
[BlackElo "2731"]
[Result "0-1"]
[Round "8"]
[TimeControl "180+1"]
[Date "2023.10.31"]
[WhiteClock "0:00:04"]
[BlackClock "0:00:44"]
[Board "31"]

1. d4 Nf6 2. c4 g6 3. g3 Bg7 4. Bg2 O-O 5. Nc3 d6 6. h3 Nbd7 7. Nf3 e5 8. e4 c6 9. O-O a5 10. Re1 Re8 11. d5 cxd5 12. cxd5 Nc5 13. Bf1 Rf8 14. Nd2 Ne8 15. Nc4 f5 16. exf5 Bxf5 17. Be3 Rc8 18. Rc1 Bd7 19. Bxc5 Rxc5 20. Ne4 Rc7 21. Ncxd6 Rxc1 22. Qxc1 Nxd6 23. Nxd6 Qb6 24. Ne4 Rc8 25. Qe3 Qxb2 26. Nc5 Bf5 27. d6 Qxa2 28. d7 Rf8 29. g4 b6 30. gxf5 bxc5 31. Qxc5 Qd2 32. Qe7 Bf6 33. Qe6+ Kg7 34. Rxe5 Qg5+ 35. Bg2 Bxe5 36. Qxe5+ Qf6 37. Qxa5 gxf5 38. Qc7 Rd8 39. Bc6 Kf8 40. Qb6 Ke7 41. Qc5+ Qd6 42. Qe3+ Qe6 43. Qc5+ Kf6 44. Bd5 Qe1+ 45. Kg2 Rxd7 46. Qf8+ Kg6 47. Bf3 Rg7 48. h4 Kh6+ 49. Kh2 Qg1+ 50. Kh3 Qf1+ 51. Kh2 Qxf2+ 52. Kh3 Qg3# 0-1


[Site "https://www.chess.com"]